 Dungeon Sprint DCSS version 0.31-a0-851-g7ff8af7976 (webtiles) character file.

Game seed: 16013252204709417193

177 sircluck the Ruffian (level 5, -8/88 HPs)
             Began as a Troll Berserker on Oct 5, 2023.
             Was a Believer of Trog.
             Mangled by a death yak (20 damage)
             ... in the Dungeon (Sprint VII: "The Pits").
             The game lasted 00:00:47 (104 turns).

sircluck the Ruffian (Troll Berserker)               Turns: 104, Time: 00:00:48

Health: -8/88      AC:  4    Str: 27    XL:     5   Next: 31%
Magic:  4/4        EV: 11    Int:  3    God:    Trog [**....]
Gold:   0          SH:  0    Dex:  9    Spells: 4/4 levels left

rFire   . .          .
                       - Unarmed
rCold   . . .        (no shield)
rNeg    . . .        a - +0 animal skin
rPois   .            (helmet restricted)
rElec   .            (no cloak)
rCorr   .            (gloves unavailable)
SInv    .            (boots unavailable)
Will    .....        (no amulet) Stlth
                     (no ring)
HPRegen 1.14/turn    (no ring)
MPRegen 0.09/turn

%: no teleportation
@: berserking, very quick
A: large, unfitting armour, claws 3, regeneration 1, shaggy fur 1, tough skin 1
a: Renounce Religion, Berserk, Trog's Hand


You were in the Dungeon.
You worshipped Trog.
Trog was pleased with you.
You visited 1 branch

Inventory:

Armour
 a - a +0 animal skin (worn)
Scrolls
 g - a scroll of blinking
Potions
 b - a potion of curing
 d - a potion of haste
 e - 2 potions of magic
 f - a potion of berserk rage


   Skills:
 + Level 5.8 Fighting
 + Level 5.8 Dodging
 + Level 6.9 Unarmed Combat


You had 4 spell levels left.
You didn't know any spells.
Your spell library was empty.

Dungeon Overview and Level Annotations

Branches:
Dungeon (1/1)

Altars:


Innate Abilities, Weirdness & Mutations

You are too large for most types of armour.
You have claws for hands.
Your natural rate of healing is unusually fast.
You are covered in fur. (AC +1)
You have tough skin. (AC +1)


Message History

Trog accepts your kill.
A death yak comes into view.
There is an open door to the Storerooms (Easy) here.
There's nothing to close nearby.
You start waiting.
You feel yourself speed up.
There is an open door to the Storerooms (Easy) here.
The death yak bellows!
The death yak gores you!!
You scratch the death yak.
The death yak is lightly wounded.
The death yak gores you.
You barely miss the death yak.
The death yak is lightly wounded.
The death yak barely misses you.
You claw the death yak!
The death yak is lightly wounded.
The death yak closely misses you.
You scratch the death yak.
The death yak is moderately wounded.
The death yak gores you!!
* * * LOW HITPOINT WARNING * * *
You are too injured to fight recklessly!
You are too injured to fight recklessly!
You are too injured to fight recklessly!
You are too injured to fight recklessly!
You are too injured to fight recklessly!
You are too injured to fight recklessly!
You are too injured to fight recklessly!
You are too injured to fight recklessly!
You scratch the death yak.
The death yak is moderately wounded.
The death yak barely misses you.
You scratch the death yak.
The death yak is moderately wounded.
The death yak gores you!
* * * LOW HITPOINT WARNING * * *
A red film seems to cover your vision as you go berserk!
You feel yourself moving faster!
You feel mighty! The death yak gores you!!
You die...

##########++######
#+##................#
+.##......#..#......#
#######.##................+
.........'................+
####+#####......#..#......#
#.)...)@Y........#
####'#####''######
#.......##''# #.......##..#
#.......##o.# #...<...##..#
#.......##..# #.......##..#
#.......#


You could see a death yak.

Vanquished Creatures
  A wraith (D)
  An orc wizard (D)
  An adder (D)
  An orc (D)
4 creatures vanquished.

Notes
Turn   | Place    | Note
-------+----------+-------------------------------------------
     0 | D        | sircluck the Troll Berserker began the quest for the Orb.
     0 | D        | Reached XP level 1. HP: 22/22 MP: 0/0
    11 | D        | Noticed an orc wizard
    26 | D        | Noticed a wraith
    34 | D        | Killed an orc wizard
    34 | D        | Reached ** piety under Trog
    35 | D        | Reached skill level 4 in Unarmed Combat
    35 | D        | Reached XP level 2. HP: 15/32 MP: 1/1
    45 | D        | Killed a wraith
    46 | D        | Reached skill level 5 in Fighting
    46 | D        | Reached skill level 5 in Dodging
    46 | D        | Reached skill level 6 in Unarmed Combat
    46 | D        | Reached XP level 3. HP: 8/44 MP: 2/2
    46 | D        | Reached XP level 4. HP: 10/52 MP: 3/3
    46 | D        | Reached XP level 5. HP: 12/59 MP: 4/4
    78 | D        | Noticed a death yak
   104 | D        | Mangled by a death yak

Illustrated notes

Levels and vault maps discovered:
D:        pitsprint [storerooms_1, entrance_room_1, metal_vault_3, armoury_3,
          mini_pit_1, grid_room_1, main_hall_1, silver_pit, the_coven_1,
          the_vestibule_1, steel_vault_1, golden_pit, hallway_of_sentries,
          crystal_vault_6, iron_vault_3, final_vault]

Skill      XL: |  1  2 |
---------------+-------+-----
Fighting       | 3 5 |  5.8
Dodging        | 3 5 |  5.8
Unarmed Combat | 4 6 |  6.9

Action                     |  1- 3 |  4- 6 || total
---------------------------+-------+-------++-------
  Melee: Unarmed           |    11 |     9 ||    20
 Invoke: Berserk           |     1 |     1 ||     2
    Use: Potion            |     1 |       ||     1
 Armour: Animal skin       |    19 |     9 ||    28
  Dodge: Dodged            |     4 |     3 ||     7

Table legend: (Time is in decaauts)
 A = Elapsed time spent in this place.
 B = Non-inter-level travel time spent in this place.
 C = Inter-level travel time spent in this place.
 D = Time resting spent in this place.
 E = Time spent auto-exploring this place.
 F = Levels seen in this place.
 G = Mean time per level.
                   A        B        C        D        E       F      G
               +--------+--------+--------+--------+--------+-----+--------+
         Total |    127 |    127 |      0 |     42 |     11 |   1 |  127.0 |
       Dungeon |    127 |    127 |      0 |     42 |     11 |   1 |  127.0 |
               +--------+--------+--------+--------+--------+-----+--------+

Top non-repeatable levels by time:
       D: 127 daAuts
